 Dungeon Crawl Stone Soup version 0.31-a0-331-geda263fcf1 (webtiles) character file.

Game seed: 1330043095703790452

3 holysushi the Changeling (level 1, 0/14 HPs)
             Began as an Octopode Shapeshifter on July 19, 2023.
             Slain by a rat (2 damage)
             ... on level 1 of the Dungeon.
             The game lasted 00:00:13 (158 turns).

holysushi the Changeling (Octopode Shapeshifter)     Turns: 158, Time: 00:00:13

Health: 0/14       AC:  1    Str: 14    XL:     1   Next: 50%
Magic:  1/1        EV: 13    Int: 10    God:
Gold:   34         SH:  0    Dex: 12    Spells: 0/0 levels left

rFire   . .          .
                       - Unarmed
rCold   . . .        (no shield)
rNeg    . . .        (helmet currently unavailable)
rPois   .            (no amulet)
rElec   .            (no ring)
rCorr   .            (no ring)
SInv    .            (no ring)
Will    .....        (no ring)
Stlth   ++           (no ring)
HPRegen 0.22/turn    (no ring)
MPRegen 0.07/turn    (no ring)
                     (no ring)

%: no passive effects
@: beast-form
A: beast (slay +2), almost no armour, amphibious, 8 rings, camouflage 1,
gelatinous body 1, (nimble swimmer 1), tentacles
a: Begin Untransformation


You were on level 1 of the Dungeon.
You were a hulking beast.
You visited 1 branch of the dungeon, and saw 1 of its levels.

You collected 34 gold pieces.

Inventory:

Talismans
 b - a beast talisman
Potions
 a - a potion of lignification
 c - a potion of heal wounds {unknown}
 d - a potion of brilliance {unknown}


   Skills:
 - Level 2.0 Fighting
 + Level 2.1 Dodging
 + Level 2.1 Unarmed Combat
 - Level 3.0 Shapeshifting


You couldn't memorise any spells.
You didn't know any spells.
Your spell library was empty.

Dungeon Overview and Level Annotations

Branches:
Dungeon (1/15) Zot: 5842

Altars:


Innate Abilities, Weirdness & Mutations

You are a hulking beast.
Your limbs bulge with bestial killing power. (Slay +2)
You cannot wear most types of armour.
You are amphibious.
You can wear up to eight rings at the same time.
Your skin changes colour to match your surroundings (Stealth+).
Your rubbery body absorbs attacks. (AC +1, EV +1)
((You are camouflaged when in or above water. (Stealth+)))
You have tentacles for arms and can constrict up to eight enemies at once.


Message History

Found a glowing orb.
The goblin shouts!
There are monsters nearby!
An endoplasm comes into view.
A goblin comes into view. It is wielding a +0 club.
There are monsters nearby!
The endoplasm quivers.
The goblin shouts!
You tentacle-slap the rat.
You kill the rat!
The goblin hits you with a +0 club. x2
You see here a rat corpse.
You tentacle-slap the goblin. Your grab misses the goblin.
The goblin is severely wounded.
The goblin barely misses you.
A rat comes into view.
The goblin hits you with a +0 club.
You barely miss the goblin. Your grab misses the goblin.
Your squeeze misses the goblin.
The goblin is severely wounded.
The goblin closely misses you. The goblin hits you with a +0 club.
You are too injured to fight recklessly!
You are too injured to fight recklessly!
You are too injured to fight recklessly!
You barely miss the goblin. You grab the goblin. You squeeze the goblin.
The goblin is severely wounded.
You constrict the goblin.
You kill the goblin!
The goblin barely misses you. The endoplasm attacks as you move away!
The endoplasm closely misses you. The rat closely misses you.
The goblin hits you with a +0 club. The rat attacks as you move away!
The rat barely misses you. The endoplasm attacks as you move away!
The endoplasm barely misses you. The goblin attacks as you move away!
The goblin hits you with a +0 club.
* * * LOW HITPOINT WARNING * * *
The endoplasm attacks as you move away! The endoplasm hits you.
* * * LOW HITPOINT WARNING * * *
The goblin attacks as you move away! The goblin closely misses you.
The rat attacks as you move away! The rat bites you.
You die...

.# ###### ### .# ## ....
..##.## ##.
########.####.#... #..
............#.#.. ######..
#....)J..#.#.####...###.
#...†.rh...#.##.......##
#.....g#.....#.........#
#......#.#.#.#.........'
...........#...#.........#
###......###.#.##.......##
#......# #.#.>###...####
#......# #.#...######...
#....[.# #.#...# #......
... #.....# .......


You could see an endoplasm, a goblin and a rat.

Vanquished Creatures
  A giant cockroach (D:1)
  A goblin (D:1)
  A rat (D:1)
3 creatures vanquished.

Notes
Turn   | Place    | Note
-------+----------+-------------------------------------------
     0 | D:1      | holysushi the Octopode Shapeshifter began the quest for the
                  | Orb.
     0 | D:1      | Reached XP level 1. HP: 14/14 MP: 1/1
   158 | D:1      | Slain by a rat

Illustrated notes

Levels and vault maps discovered:
D:1:      dpeg_arrival_three_bigger_balls, layout_basic, minmay_octomino_c4

Action                     || total
---------------------------++-------
  Melee: Unarmed           ||     7
         Constrict         ||     2
         Tentacles         ||     1
   Stab: Sleeping          ||     1
 Armour: Skin              ||     1
  Dodge: Dodged            ||     9

Table legend: (Time is in decaauts)
 A = Elapsed time spent in this place.
 B = Non-inter-level travel time spent in this place.
 C = Inter-level travel time spent in this place.
 D = Time resting spent in this place.
 E = Time spent auto-exploring this place.
 F = Levels seen in this place.
 G = Mean time per level.
                   A        B        C        D        E       F      G
               +--------+--------+--------+--------+--------+-----+--------+
         Total |    157 |    157 |      0 |      0 |    133 |   1 |  157.0 |
       Dungeon |    157 |    157 |      0 |      0 |    133 |   1 |  157.0 |
               +--------+--------+--------+--------+--------+-----+--------+

Top non-repeatable levels by time:
     D:1: 157 daAuts
